Map: Ruins of Seras

Players

seitys

  • Race: Zerg Zerg
  • League: Diamond

JDisMyHero - Winner!

  • Race: Terran Terran
  • League: Platinum

VOD

Have the link to the VOD?

Description

Time

  • Played on: Dec. 25, 2015, 10:56 a.m.
  • Length: 9:02
Show
View Real Time Build Order
Export as new Build Order

seitys Zerg 

Build Orders: Hatch First 

Get SALT Encoding   

  12  0:01  Drone  
  13  0:08  Drone  
  14  0:17  Overlord  
  14  0:35  Drone x3  
  17  0:46  Drone  
  18  0:57  Hatchery  
  18  1:00  Drone  
  18  1:04  Extractor  
  18  1:08  Drone  
  18  1:19  Drone  
  18  1:24  Spawning Pool  
  18  1:29  Drone  
  19  1:40  Drone  
  20  1:51  Drone  
  21  2:02  Drone  
  22  2:10  Queen  
  22  2:14  Hatchery, Metabolic Boost  
  23  2:18  Zergling x2  
  23  2:21  Zergling x2  
  25  2:30  Queen  
  25  2:34  Zergling x2  
  28  2:46  Overlord  
  28  2:47  Overlord  
  27  2:53  Drone  
  28  3:00  Extractor  
  28  3:03  Overlord  
  27  3:07  Drone x3  
  30  3:14  Drone  
  30  3:15  Drone  
  32  3:27  Drone x4  
  35  3:37  Drone x4  
  39  3:42  Drone  
  39  3:48  Lair  
  40  3:57  Drone x4  
  40  3:59  Drone  
  40  4:02  Extractor  
  44  4:03  Drone  
  44  4:05  Extractor  
  44  4:06  Drone  
  45  4:12  Drone x3  
  48  4:18  Drone x2  
  48  4:23  Spore Crawler  
  49  4:26  Zergling x4  
  49  4:27  Drone  
  52  4:35  Queen  
  52  4:36  Overlord  
  52  4:37  Overlord  
  54  4:53  Spire  
  54  4:57  Evolution Chamber  
  54  4:58  Evolution Chamber, Drone x4  
  55  5:02  Pneumatized Carapace  
  55  5:10  Drone x3  
  58  5:18  Drone x2  
  58  5:19  Zergling x6  
  63  5:23  Zerg Ground Armor Level 1  
  63  5:24  Zerg Melee Weapons Level 1  
  63  5:31  Infestation Pit  
  63  5:32  Drone x3  
  65  5:36  Drone x3  
  68  5:43  Overlord x2  
  68  5:47  Drone x3  
  68  5:48  Extractor  
  68  5:49  Extractor  
  69  5:51  Drone x3  
  72  5:59  Zergling x4  
  72  6:01  Zergling x4  
  76  6:04  Mutalisk x3  
  82  6:11  Spine Crawler, Zergling x2  
  82  6:13  Zergling x2  
  82  6:15  Spine Crawler  
  82  6:17  Zergling x6  
  85  6:21  Mutalisk x2  
  89  6:27  Zergling x2  
  89  6:28  Overlord x2  
  90  6:35  Mutalisk  
  90  6:45  Mutalisk  
  90  6:46  Mutalisk x2  
  89  6:49  Zergling x12  
  91  6:57  Mutalisk  
  91  6:58  Mutalisk x3  
  94  7:01  Zergling x2  
  84  7:16  Mutalisk  
  84  7:17  Mutalisk x3  
  92  7:25  Zergling x4  
  92  7:29  Mutalisk x2  
  95  7:37  Hatchery  
  95  7:41  Zergling x2  
  89  7:46  Zergling x6  
  86  7:51  Zergling x4  
  84  8:13  Zergling x8  
  81  8:24  Zergling x8  
  72  8:40  Zergling x4  
  64  8:42  Zergling x2  
  64  8:44  Drone  
Show
View Real Time Build Order
Export as new Build Order

JDisMyHero Terran - Winner!

Build Orders: Reaper Expand, Bio Tank, MMM Bio 

Get SALT Encoding   

  12  0:00  SCV  
  14  0:18  SCV  
  14  0:20  Supply Depot  
  14  0:31  SCV  
  15  0:43  SCV  
  15  0:44  Barracks  
  15  0:48  Refinery  
  16  0:55  SCV  
  17  1:07  SCV  
  18  1:21  SCV  
  19  1:33  Orbital Command  
  19  1:34  Reaper  
  20  1:44  Command Center  
  20  1:51  Refinery  
  20  2:00  Supply Depot  
  20  2:01  SCV  
  21  2:06  Marine  
  22  2:13  SCV  
  23  2:23  Factory  
  23  2:25  Barracks Reactor  
  23  2:30  SCV  
  24  2:42  SCV  
  25  2:54  SCV  
  25  2:56  Barracks  
  26  2:59  Barracks  
  26  3:02  Marine  
  26  3:04  Orbital Command  
  27  3:08  Factory Tech Lab  
  27  3:12  SCV  
  28  3:13  Marine  
  30  3:34  Orbital Command  
  30  3:35  Siege Tank  
  30  3:38  Starport  
  32  3:41  Marine x2  
  32  3:43  SCV  
  32  3:46  Barracks Tech Lab  
  32  3:47  Barracks Reactor  
  35  3:56  SCV  
  35  3:59  SCV  
  35  4:02  Marine x2  
  37  4:08  SCV  
  37  4:09  Siege Tank  
  43  4:12  Supply Depot  
  43  4:13  Marine  
  43  4:15  SCV  
  45  4:21  Stimpack  
  45  4:22  SCV  
  46  4:27  Starport Reactor  
  46  4:32  Marine  
  46  4:33  Marine x2  
  46  4:34  Marine  
  46  4:36  SCV  
  46  4:37  Marine  
  51  4:39  SCV  
  51  4:41  Supply Depot  
  52  4:48  SCV  
  52  4:50  Marine  
  52  4:51  SCV  
  52  4:52  Refinery  
  55  4:55  Engineering Bay  
  55  4:57  Marine  
  55  4:59  Marine x2  
  58  5:00  SCV, Marine  
  58  5:03  Siege Tank  
  58  5:06  SCV  
  64  5:09  Medivac  
  66  5:14  Medivac  
  66  5:15  SCV  
  66  5:18  SCV  
  70  5:30  Supply Depot  
  70  5:46  Supply Depot  
  70  5:47  Terran Infantry Weapons Level 1  
  70  5:52  SCV, Medivac, Marine x5  
  78  6:00  Supply Depot  
  78  6:03  Command Center  
  78  6:07  SCV x2, Medivac  
  78  6:09  Marine  
  83  6:16  Supply Depot  
  83  6:19  SCV x2, Supply Depot  
  83  6:22  Combat Shields, Siege Tank, Marine  
  83  6:23  Marine  
  90  6:33  Marine x3  
  93  6:45  Marine  
  93  6:46  Marine  
  95  6:48  SCV x2  
  95  6:51  Marine  
  98  6:57  Barracks x2  
  98  6:58  Barracks  
  98  7:00  Marine x2  
  94  7:04  Medivac x2  
  94  7:05  SCV  
  94  7:07  Missile Turret  
  94  7:17  Liberator  
  94  7:25  Marine x2  
  94  7:29  SCV  
  94  7:31  Siege Tank  
  95  7:49  Marine  
  95  7:50  Marine  
  95  7:51  Marine x2  
  99  7:56  Barracks Reactor, Missile Turret  
  99  7:57  Barracks Reactor  
  99  7:58  Barracks Reactor, Marine  
  100  8:07  Marine  
  100  8:08  Marine x2  
  100  8:09  Orbital Command, Missile Turret, Marine  
  103  8:12  Missile Turret  
  103  8:13  Missile Turret  
  103  8:14  Missile Turret  
  103  8:15  SCV  
  103  8:16  Marine  
  104  8:25  Marine  
  104  8:26  Marine  
  106  8:29  Marine x2  
  106  8:30  SCV  
  106  8:40  Marine x2  
  108  8:48  SCV  
  114  8:57  Missile Turret  
Tags
 
Add a new tag
Caveats
  • Supply blocks, unpowered buildings, or Contaminate may cause inaccurate times.
  • Supply counts are checked every 10 seconds.